 Dungeon Crawl Stone Soup version 0.31-a0-524-g2a164cf6a2 (webtiles) character file.

Game seed: 2652473619070070931

101 AdnanSaban the Covered (level 4, 0/29 HPs)
             Began as a Gargoyle Fighter on Aug 12, 2023.
             Slain by Sigmund
             ... wielding a +2 scythe of freezing
              (3 damage)
             ... on level 3 of the Dungeon.
             The game lasted 00:01:10 (1350 turns).

AdnanSaban the Covered (Gargoyle Fighter)           Turns: 1350, Time: 00:01:11

Health: 0/29       AC: 10    Str: 22    XL:     4   Next: 75%
Magic:  4/4        EV:  9    Int:  8    God:
Gold:   73         SH:  4    Dex:  9    Spells: 3/3 levels left

rFire   . . .        a - +0 flail
rCold   . . .        c - +0 buckler
rNeg    + . .        b - +0 scale mail
rPois   ∞            (no helmet)
rElec   +            (no cloak)
rCorr   .            (no gloves)
SInv    .            (no boots)
Will    .....        (no amulet) Stlth
                     (no ring)
HPRegen 0.24/turn    (no ring)
MPRegen 0.09/turn

%: no passive effects
@: no status effects
A: sickness immunity, AC +3, negative energy resistance 1, electricity
resistance, torment resistance 1, petrification resistance
a: no special abilities


You were on level 3 of the Dungeon.
You visited 1 branch of the dungeon, and saw 3 of its levels.

You collected 73 gold pieces.

Inventory:

Hand Weapons
 a - a +0 flail (weapon)
Armour
 b - a +0 scale mail (worn)
 c - a +0 buckler (worn)
Jewellery
 f - an amulet of magic regeneration
Scrolls
 g - a scroll of fear {unknown}
 j - a scroll of fog {unknown}
 k - a scroll of blinking {unknown}
Potions
 d - 3 potions of might
 e - 2 potions of heal wounds {unknown}
 h - a potion of brilliance {unknown}
 i - a potion of lignification {unknown}
 l - a potion of curing {unknown}


   Skills:
 + Level 3.9 Fighting
 + Level 3.4 Maces & Flails
 + Level 4.0 Armour
 + Level 0.6 Dodging
 + Level 3.4 Shields


You had 3 spell levels left.
You didn't know any spells.
Your spell library was empty.

Dungeon Overview and Level Annotations

Branches:
Dungeon (3/15)

Altars:

Annotations:
D:3 Sigmund


Innate Abilities, Weirdness & Mutations

You are immune to sickness and miasma.
Your stone body is resilient. (AC +3)
You are immune to poison.
You resist negative energy. (rN+)
You are resistant to electric shocks. (rElec)
You are resistant to unholy torment.
You are immune to petrification.


Message History

You are too injured to fight recklessly!
You are too injured to fight recklessly!
You are too injured to fight recklessly!
You are too injured to fight recklessly!
You are too injured to fight recklessly!
You are too injured to fight recklessly!
You are too injured to fight recklessly!
You are too injured to fight recklessly!
You are too injured to fight recklessly!
You are too injured to fight recklessly!
You are too injured to fight recklessly!
You are too injured to fight recklessly!
Unknown command.
You barely miss Sigmund.
The kobold hits you with a +0 short sword.
Sigmund barely misses you.
You barely miss Sigmund. The kobold hits you but does no damage.
You sock Sigmund!
Sigmund is moderately wounded.
Sigmund points at you and mumbles some strange words.
The magic dart hits you but does no damage.
The kobold hits you but does no damage. Sigmund casts a spell at you.
You resist with some effort.
You closely miss Sigmund.
Sigmund is moderately wounded.
The kobold closely misses you. Sigmund hits you but does no damage.
You barely miss Sigmund.
Sigmund is moderately wounded.
The kobold closely misses you.
The kobold hits you with a +0 short sword.
* * * LOW HITPOINT WARNING * * *
Sigmund hits you but does no damage.
You closely miss Sigmund.
Sigmund is moderately wounded.
The kobold barely misses you.
Sigmund hits you with a +2 scythe of freezing.
* * * LOW HITPOINT WARNING * * *
Sigmund freezes you.
You die...

....####.#######
#.†###.# #...
#.).#.###.#
######....[..###
....#†.........#
...........###.# #
...†....>...##.## .#
............##..##..#
................@@..#
............##...K..#
............##.$....#
...........###......#
..........## #####..#
.......#### ....
.#.#. ..... #.. .#...


You could see Sigmund and a kobold.

Vanquished Creatures
  4 adders
  A worm (D:2)
  A dart slug (D:2)
  3 ball pythons
  6 endoplasms
  A giant cockroach (D:1)
  9 goblins
  2 hobgoblins
  10 jackals
  6 bats
  3 frilled lizards
  5 kobolds
  3 rats (D:2)
54 creatures vanquished.

Notes
Turn   | Place    | Note
-------+----------+-------------------------------------------
     0 | D:1      | AdnanSaban the Gargoyle Fighter began the quest for the
                  | Orb.
     0 | D:1      | Reached XP level 1. HP: 14/14 MP: 1/1
   304 | D:1      | Reached XP level 2. HP: 8/19 MP: 2/2
   376 | D:1      | Found a faded altar of an unknown god.
   426 | D:1      | Reached XP level 3. HP: 18/23 MP: 3/3
   861 | D:2      | Reached XP level 4. HP: 14/29 MP: 4/4
  1069 | D:2      | Reached skill level 4 in Armour
  1340 | D:3      | Noticed Sigmund
  1350 | D:3      | Slain by Sigmund

Illustrated notes

Levels and vault maps discovered:
D:1:      amcnicky_arrival_blooded_trapdoor, layout_basic,
          ebering_ecumenical_altar_webs, serial_corexii_hall,
          corexii_hall_statues_deadend, chequers_hall_statues_wall_a,
          minmay_hedge_maze
D:2:      layout_rooms
D:3:      layout_rooms, old_standard_altar, uniq_sigmund

Skill      XL: |  1  2  3  4 |
---------------+-------------+-----
Maces & Flails | 3 |  3.4
Armour         | 4 |  4.0
Fighting       | |  3.9
Dodging        | |  0.6
Shields        | |  3.4

Action                     |  1- 3 |  4- 6 || total
---------------------------+-------+-------++-------
  Melee: Flail             |   121 |    92 ||   213
 Armour: Scale mail        |    64 |    86 ||   150
  Dodge: Dodged            |    69 |    64 ||   133
  Block: Buckler           |    29 |    24 ||    53

Table legend: (Time is in decaauts)
 A = Elapsed time spent in this place.
 B = Non-inter-level travel time spent in this place.
 C = Inter-level travel time spent in this place.
 D = Time resting spent in this place.
 E = Time spent auto-exploring this place.
 F = Levels seen in this place.
 G = Mean time per level.
                   A        B        C        D        E       F      G
               +--------+--------+--------+--------+--------+-----+--------+
         Total |   1412 |   1386 |     26 |      0 |    979 |   3 |  470.7 |
       Dungeon |   1412 |   1386 |     26 |      0 |    979 |   3 |  470.7 |
               +--------+--------+--------+--------+--------+-----+--------+

Top non-repeatable levels by time:
     D:1: 729 daAuts
     D:2: 487 daAuts
     D:3: 195 daAuts
